[Event "Titled Tuesday Blitz December 06 Early 2022"]
[White "Abasov, Nijat"]
[Black "Gheorghiu, Calin"]
[WhiteFideId "13402960"]
[BlackFideId "1200305"]
[WhiteElo "2546"]
[BlackElo "2224"]
[Result "1/2-1/2"]
[Round "01"]
[TimeControl "180+1"]
[Date "2022.12.06"]
[WhiteClock "0:00:13"]
[BlackClock "0:00:09"]

1. d4 Nf6 2. Nf3 d5 3. e3 c5 4. Nbd2 Nc6 5. c3 g6 6. dxc5 a5 7. Bb5 Bg7 8. Ne5 Qc7 9. Nxc6 bxc6 10. Be2 Nd7 11. e4 Nxc5 12. exd5 cxd5 13. Nb3 Nxb3 14. axb3 O-O 15. Qxd5 Bb7 16. Qc4 Qe5 17. Bf4 Qf5 18. Bg3 Ba6 19. Qg4 Qc2 20. Bxa6 Bxc3+ 21. bxc3 Qxc3+ 22. Ke2 Qb2+ 23. Ke3 Rxa6 24. Rhb1 Re6+ 25. Qxe6 Qc3+ 26. Ke2 fxe6 27. Kf1 Rf5 28. Kg1 Rb5 29. Ra3 Qc2 30. Re1 Rxb3 31. Rxa5 Rb1 32. Ra1 Rxa1 33. Rxa1 Kf7 34. Re1 Qc6 35. f3 Qc5+ 36. Kh1 Qc4 37. h3 h5 38. h4 Qd3 39. Kh2 Qf5 40. Re4 Qd5 41. Re5 Qd3 42. Re4 Qc2 43. Bf4 Qd3 44. Kg3 Qd5 45. Bg5 Qd3 46. Rf4+ Ke8 47. Re4 Kf7 48. Kh3 Qd6 49. Ra4 Qd1 50. Ra7 Qh1+ 51. Kg3 Qe1+ 52. Kh2 Qe5+ 53. Kh3 Qf5+ 54. Kh2 Qe5+ 55. f4 Qc5 56. Rb7 Qd6 57. Kg3 Qd3+ 58. Kh2 Qd6 59. Rb3 Qd5 60. Re3 Qf5 61. Re5 Qg4 62. Re1 Qf5 63. Re5 Qg4 64. Rc5 Qd1 65. Rc7 Qd6 66. Rb7 Qc5 67. Rb3 Qd6 68. Re3 Qd4 69. Re5 Qd6 70. Kg3 Qd3+ 71. Kf2 Qd2+ 72. Kf3 Qd3+ 73. Re3 Qd5+ 74. Kg3 Qd6 75. Kh2 Qc7 76. Re4 Qd6 77. Re5 Qd4 78. Kg3 Qd3+ 79. Kh2 Qd6 80. Rb5 Qd3 81. Rb7 Qd6 1/2-1/2


[Site "https://www.chess.com"]

[Event "Titled Tuesday Blitz December 06 Early 2022"]
[White "Acor, Corey"]
[Black "Szyszylo, Rafal"]
[WhiteFideId "2024861"]
[BlackFideId "1109626"]
[WhiteElo "2341"]
[BlackElo "1981"]
[Result "1-0"]
[Round "01"]
[TimeControl "180+1"]
[Date "2022.12.07"]
[WhiteClock "0:00:27"]
[BlackClock "0:00:49"]

1. e4 d6 2. Nc3 Nf6 3. g3 g6 4. Bg2 Bg7 5. d3 O-O 6. f4 e5 7. Nf3 Re8 8. O-O c6 9. Kh1 h6 10. Be3 a6 11. fxe5 dxe5 12. h3 Nbd7 13. Qd2 Kh7 14. Rf2 Qe7 15. Raf1 b5 16. Nh2 Rf8 17. Rf3 Nh5 18. Qf2 b4 19. Na4 Bb7 20. Nc5 Rab8 21. Nxd7 Qxd7 22. Bc5 f5 23. Bxf8 Rxf8 24. exf5 gxf5 25. Rxf5 Rxf5 26. Be4 Kg8 27. Bxf5 Qxf5 28. Qxf5 Nxg3+ 29. Kg1 Nxf5 30. Rxf5 Bc8 31. Rf3 Be6 32. a3 a5 33. axb4 axb4 34. c3 bxc3 35. bxc3 Bd5 36. Re3 Kf7 37. Ng4 Ke6 38. Nxe5 Bxe5 39. d4 Kd6 40. Rxe5 Bf7 41. Kf2 Bg6 42. h4 Bf7 43. Ke3 Bg6 44. Kf4 Bd3 45. Rh5 c5 46. Rxc5 Bg6 47. Ra5 Ke7 48. Ra6 Kf7 49. Rxg6 Kxg6 50. d5 Kh5 51. Kg3 Kg6 52. c4 Kf5 53. c5 Ke5 54. c6 Kd6 55. Kg4 Kxd5 56. c7 Kc6 57. c8=Q+ Kd6 58. Qf8+ Ke6 59. Qxh6+ Ke5 60. Qg5+ Ke6 61. h5 Kf7 62. h6 Kf8 63. h7 Kf7 64. h8=Q Ke6 65. Qhh6+ Kf7 66. Qgg7+ Ke8 67. Qhh8# 1-0


[Site "https://www.chess.com"]

[Event "Titled Tuesday Blitz December 06 Early 2022"]
[White "Aldokhin, Ivan"]
[Black "Toshali, V"]
[WhiteFideId "24115720"]
[BlackFideId "5072611"]
[WhiteElo "2313"]
[BlackElo "1973"]
[Result "1-0"]
[Round "01"]
[TimeControl "180+1"]
[Date "2022.12.07"]
[WhiteClock "0:01:13"]
[BlackClock "0:00:28"]

1. e4 e5 2. Nf3 Nc6 3. Bb5 a6 4. Ba4 Nf6 5. O-O b5 6. Bb3 Be7 7. Re1 d6 8. c3 O-O 9. d4 Na5 10. dxe5 dxe5 11. Qxd8 Rxd8 12. Nxe5 Nxb3 13. axb3 Bb7 14. f3 Bc5+ 15. Kf1 Bd6 16. Nd3 Bxh2 17. Bf4 Bxf4 18. Nxf4 c5 19. Na3 Rd7 20. Rad1 Rad8 21. Ke2 g5 22. Nd3 g4 23. Nxc5 Rxd1 24. Rxd1 Rxd1 25. Kxd1 Bc8 26. Ke2 h5 27. g3 gxf3+ 28. Kxf3 Bg4+ 29. Kf4 Bc8 30. Nc2 Kg7 31. Ne3 Kg6 32. Nd5 Ne8 33. Ne7+ 1-0


[Site "https://www.chess.com"]

[Event "Titled Tuesday Blitz December 06 Early 2022"]
[White "Aloma Vidal, Robert"]
[Black "Quinones Garcia, Santiago"]
[WhiteFideId "2260409"]
[BlackFideId "4408497"]
[WhiteElo "2435"]
[BlackElo "2249"]
[Result "0-1"]
[Round "01"]
[TimeControl "180+1"]
[Date "2022.12.07"]
[WhiteClock "0:00:17"]
[BlackClock "0:00:14"]

1. e4 c5 2. c3 g6 3. d4 cxd4 4. cxd4 d5 5. e5 Nc6 6. Nc3 Bg7 7. h3 Nh6 8. g4 O-O 9. Bg2 Be6 10. f4 f6 11. Nf3 fxe5 12. fxe5 Qb6 13. Ne2 Rxf3 14. Bxf3 Rf8 15. O-O Nxe5 16. Bg2 Rxf1+ 17. Qxf1 Nc6 18. Bxh6 Bxh6 19. Kh1 Nxd4 20. Nxd4 Qxd4 21. Re1 Qb6 22. Qe2 Kf7 23. Qf3+ Kg8 24. Qd3 d4 25. b3 Be3 26. Qe4 Qd6 27. Qxb7 Qg3 28. Rf1 Bf4 29. Qa8+ Kg7 30. Rxf4 Qxf4 31. Qxa7 d3 32. Qxe7+ Bf7 33. Qd7 Qc1+ 34. Kh2 Qf4+ 35. Kg1 Qe3+ 36. Kh2 d2 37. Bd5 Qe5+ 38. Kg1 Qxd5 0-1


[Site "https://www.chess.com"]

[Event "Titled Tuesday Blitz December 06 Early 2022"]
[White "Andreev, Konstantin"]
[Black "Kamsky, Gata"]
[WhiteFideId "24239305"]
[BlackFideId "2000024"]
[WhiteElo "2106"]
[BlackElo "2666"]
[Result "1/2-1/2"]
[Round "01"]
[TimeControl "180+1"]
[Date "2022.12.06"]
[WhiteClock "0:00:03"]
[BlackClock "0:00:06"]

1. e4 c5 2. Nf3 e6 3. d4 cxd4 4. Nxd4 a6 5. Bd3 Bc5 6. Nb3 Ba7 7. Qg4 Nf6 8. Qg3 d6 9. Nc3 Nc6 10. Be3 Bxe3 11. Qxe3 e5 12. O-O-O Be6 13. Kb1 O-O 14. f3 b5 15. g4 b4 16. Ne2 a5 17. Bb5 Qc7 18. Qd2 Rfd8 19. g5 Nh5 20. Nbc1 Rab8 21. Ba4 d5 22. exd5 Rxd5 23. Qe3 Ne7 24. Bb3 Rxd1 25. Rxd1 Bxb3 26. Nxb3 Rc8 27. Qd3 g6 28. Nd2 a4 29. Ne4 Nf5 30. c3 bxc3 31. Qxc3 Qb8 32. Qd3 h6 33. h4 Nxh4 34. gxh6 Nf5 35. Ng5 Nxh6 36. Qd5 Qc7 37. Rc1 Qd8 38. Rxc8 Qxc8 39. a3 Qf5+ 40. Ne4 Qxf3 41. N2c3 Qf1+ 42. Ka2 Qa6 43. Qd8+ Kg7 44. Nd6 Nf6 45. Qe7 Qc6 46. Kb1 Qd7 47. Qxd7 Nxd7 48. Nxa4 f5 49. Nc3 g5 50. a4 g4 51. a5 g3 52. Ne2 f4 53. Ne4 g2 54. Ng1 Nf5 55. b4 Nd4 56. Nd2 Kf7 57. Kb2 Ke6 58. Kc3 Kd5 59. Kd3 Nf6 60. a6 Nb5 61. Ke2 e4 62. Ke1 e3 63. Ndf3 Ne4 64. Ke2 Kc4 65. Ke1 Ng3 66. Nh4 Kxb4 67. Nxg2 Nh5 68. Ke2 Ka5 69. Kf3 Nd4+ 70. Ke4 Ne6 71. Kf5 Neg7+ 72. Ke4 Ne6 73. Kf5 Nd4+ 74. Ke4 Ne6 1/2-1/2


[Site "https://www.chess.com"]

[Event "Titled Tuesday Blitz December 06 Early 2022"]
[White "Andreikin, Dmitry"]
[Black "Williams, Simon K"]
[WhiteFideId "4158814"]
[BlackFideId "404454"]
[WhiteElo "2735"]
[BlackElo "2468"]
[Result "1-0"]
[Round "01"]
[TimeControl "180+1"]
[Date "2022.12.06"]
[WhiteClock "0:00:11"]
[BlackClock "0:00:16"]

1. d4 e6 2. e4 d5 3. Nc3 Bb4 4. e5 Ne7 5. a3 Bxc3+ 6. bxc3 c5 7. Qg4 Qc7 8. Bd2 O-O 9. Bd3 c4 10. Be2 f6 11. exf6 Rxf6 12. Qg3 Qb6 13. Nf3 Nf5 14. Qh3 Nc6 15. Ne5 Nd6 16. f3 Nf7 17. f4 Qb2 18. Rc1 Qxa3 19. O-O Qe7 20. Bh5 Nd6 21. Be1 Rh6 22. Nxc6 bxc6 23. Bh4 Qf8 24. Bg5 Rxh5 25. Qxh5 Bd7 26. Ra1 Be8 27. Qe2 Ne4 28. Ra6 Bg6 29. Rfa1 Qf7 30. Rxc6 a5 31. Rxa5 Rb8 32. Ra1 h6 33. Bh4 h5 34. Bg5 Qf5 35. Qe3 Rb2 36. Qc1 Rb8 37. h3 Nxc3 38. Qe3 Ne4 39. Re1 Rb2 40. Re2 c3 41. Kh2 Kh7 42. Rc7 Rb1 43. Re1 Rb2 44. Ra1 Rxc2 45. Raa7 Bf7 46. Rxf7 1-0


[Site "https://www.chess.com"]

[Event "Titled Tuesday Blitz December 06 Early 2022"]
[White "Aravindh, Chithambaram VR."]
[Black "Nadj Hedjesi, Balind"]
[WhiteFideId "5072786"]
[BlackFideId "934003"]
[WhiteElo "2586"]
[BlackElo "2368"]
[Result "1-0"]
[Round "01"]
[TimeControl "180+1"]
[Date "2022.12.07"]
[WhiteClock "0:00:23"]
[BlackClock "0:00:03"]

1. e4 c5 2. Nf3 d6 3. Bb5+ Nd7 4. O-O a6 5. Bd3 g6 6. c3 Bg7 7. Bc2 e5 8. d4 exd4 9. cxd4 Ne7 10. Nc3 O-O 11. Bf4 cxd4 12. Nxd4 Ne5 13. Bb3 Bg4 14. f3 Bd7 15. Kh1 N7c6 16. Nde2 Qe7 17. Nd5 Qd8 18. Be3 Be6 19. Rc1 Rc8 20. Nef4 Qh4 21. Nxe6 fxe6 22. Nf4 Qe7 23. Nxe6 Kh8 24. Nxf8 Rxf8 25. Bd5 Qh4 26. Qd2 h6 27. b4 g5 28. a4 Ne7 29. Bxb7 N7g6 30. Rc8 Rxc8 31. Bxc8 Nc4 32. Qe1 Nxe3 33. Qxe3 Be5 34. Qg1 Bg3 35. Bh3 Nf4 36. hxg3 Qxg3 37. Qf2 1-0


[Site "https://www.chess.com"]

[Event "Titled Tuesday Blitz December 06 Early 2022"]
[White "Arbunic Castro, Giovanna"]
[Black "Iskusnyh, Sergei"]
[WhiteFideId "3400549"]
[BlackFideId "4120027"]
[WhiteElo "1922"]
[BlackElo "2492"]
[Result "0-1"]
[Round "01"]
[TimeControl "180+1"]
[Date "2022.12.07"]
[WhiteClock "0:01:06"]
[BlackClock "0:01:32"]

1. e4 e6 2. d4 d5 3. exd5 exd5 4. Nf3 Nf6 5. c4 Bb4+ 6. Nc3 O-O 7. Be2 dxc4 8. O-O Bg4 9. h3 Bh5 10. g4 Bg6 11. Bxc4 Nc6 12. Be3 a6 13. Ne5 Nxe5 14. dxe5 Ne4 15. f4 Nxc3 16. bxc3 Bxc3 17. f5 Bxa1 18. Qxa1 b5 19. Bb3 Qd3 20. Qe1 Rae8 21. Bc5 Qxh3 22. fxg6 Qxg4+ 23. Kh1 Qh5+ 24. Kg2 Qxg6+ 25. Kh1 Qh5+ 26. Kg2 Rxe5 27. Qxe5 Qxe5 28. Bxf8 Qg5+ 29. Kh3 Qh5+ 30. Kg3 Kxf8 0-1


[Site "https://www.chess.com"]

[Event "Titled Tuesday Blitz December 06 Early 2022"]
[White "Artemenko, Oleg"]
[Black "Mohammed, Dilshad"]
[WhiteFideId "14201798"]
[BlackFideId "5050421"]
[WhiteElo "2287"]
[BlackElo "2102"]
[Result "1-0"]
[Round "01"]
[TimeControl "180+1"]
[Date "2022.12.07"]
[WhiteClock "0:00:12"]
[BlackClock "0:00:02"]

1. d4 Nf6 2. Nc3 c5 3. dxc5 g6 4. e4 Nc6 5. Nf3 Bg7 6. Bd3 O-O 7. O-O Qa5 8. Qe1 Qxc5 9. Be3 Qb4 10. a3 Qa5 11. h3 d6 12. Rd1 a6 13. Bd2 Qc7 14. Ne2 d5 15. exd5 Nxd5 16. c4 Nf6 17. Bc3 e5 18. Ng3 Re8 19. Ne4 Nh5 20. c5 Nf4 21. Bc4 Be6 22. Bxe6 Rxe6 23. Nfg5 Re7 24. Nd6 h6 25. Nge4 Nd4 26. Bxd4 exd4 27. Qd2 g5 28. Rfe1 d3 29. Nf5 Rd7 30. Nfd6 Bd4 31. Re3 Re7 32. Nf5 Bxe3 33. Qxe3 Re6 34. g3 Ng6 35. Rxd3 Ne5 36. Rd4 Rae8 37. Nfd6 R8e7 38. Qe2 Qc6 39. Qh5 b6 40. Nf5 Rd7 41. Rxd7 Nxd7 42. f3 bxc5 43. Nxg5 hxg5 44. Qxg5+ Kf8 45. Qd8+ Re8 46. Qh4 Re1+ 47. Kf2 Ne5 48. Qh8# 1-0


[Site "https://www.chess.com"]

[Event "Titled Tuesday Blitz December 06 Early 2022"]
[White "Atakhan, Abtin"]
[Black "Liu, Casper"]
[WhiteFideId "22502203"]
[BlackFideId "1454153"]
[WhiteElo "2189"]
[BlackElo "2217"]
[Result "1-0"]
[Round "01"]
[TimeControl "180+1"]
[Date "2022.12.07"]
[WhiteClock "0:01:04"]
[BlackClock "0:00:02"]

1. Nf3 c5 2. g3 Nc6 3. Bg2 g6 4. c4 Bg7 5. Nc3 d6 6. O-O e5 7. d3 Nge7 8. Rb1 O-O 9. a3 f5 10. Ne1 f4 11. Nc2 g5 12. e3 Ng6 13. Ne4 g4 14. f3 fxg3 15. hxg3 gxf3 16. Rxf3 Bf5 17. Qe2 Qe7 18. Bd2 h5 19. Rbf1 Bg4 20. Rxf8+ Rxf8 21. Rxf8+ Qxf8 22. Qf2 Qe7 23. Bf3 Nd8 24. Bxg4 hxg4 25. Qf5 Qe6 26. Qxe6+ Nxe6 27. Nxd6 b6 28. Ne4 Bh6 29. Nf2 Ng5 30. Ne1 Nf3+ 31. Nxf3 gxf3 32. Ng4 Bg5 33. Kf2 Kf7 34. Bc3 Ke6 35. Kxf3 Kf5 36. Nf2 a6 37. Ne4 Bh6 38. Nd6+ Ke6 39. Nc8 b5 40. Ke4 Nf8 41. cxb5 axb5 42. Na7 Nh7 43. Kf3 1-0


[Site "https://www.chess.com"]

[Event "Titled Tuesday Blitz December 06 Early 2022"]
[White "Barria Zuniga, Daniel"]
[Black "Carrasco Miranda, Andres"]
[WhiteFideId "3400816"]
[BlackFideId "3405990"]
[WhiteElo "2414"]
[BlackElo "2183"]
[Result "1-0"]
[Round "01"]
[TimeControl "180+1"]
[Date "2022.12.07"]
[WhiteClock "0:01:00"]
[BlackClock "0:01:27"]

1. d4 Nf6 2. c4 g6 3. Nc3 d5 4. Qa4+ c6 5. Bg5 Bg7 6. Bxf6 Bxf6 7. cxd5 O-O 8. dxc6 Nxc6 9. e3 e5 10. d5 Nd4 11. exd4 exd4 12. Ne4 Re8 13. Bd3 Bf5 14. f3 Qxd5 15. Ne2 Bxe4 16. Bxe4 Rxe4 17. fxe4 Qxe4 18. O-O Be5 19. Qc4 Rf8 20. Ng3 Qe3+ 21. Kh1 Qh6 22. Rf3 Kg7 23. Raf1 f5 24. Qd5 Re8 25. Rxf5 1-0


[Site "https://www.chess.com"]

[Event "Titled Tuesday Blitz December 06 Early 2022"]
[White "Battlecruiser_Operational"]
[Black "Tasev, Dejan"]
[BlackFideId "936618"]
[WhiteElo "2213"]
[BlackElo "2253"]
[Result "1-0"]
[Round "01"]
[TimeControl "180+1"]
[Date "2022.12.07"]
[WhiteClock "0:00:37"]
[BlackClock "0:00:16"]

1. d4 Nf6 2. c4 g6 3. Nc3 Bg7 4. e4 d6 5. Nf3 O-O 6. Be2 Nbd7 7. O-O c5 8. d5 b5 9. cxb5 a6 10. b6 Qxb6 11. a4 a5 12. Nd2 Ba6 13. Bb5 Rfb8 14. Nc4 Qd8 15. Qe2 Bxb5 16. axb5 Ne8 17. Be3 Nc7 18. Nxa5 Rxa5 19. Rxa5 Bxc3 20. bxc3 Nxd5 21. Ra3 N5b6 22. Rfa1 Ne5 23. Ra7 Nec4 24. Bg5 f6 25. Bh6 Qe8 26. h4 Kf7 27. Bf4 Qxb5 28. Rc7 Nc8 29. h5 g5 30. Bg3 h6 31. f4 Qb3 32. Rf1 Qxc3 33. fxg5 Qxg3 34. Qxc4+ Kg7 35. gxf6+ Kf8 36. fxe7+ 1-0


[Site "https://www.chess.com"]

[Event "Titled Tuesday Blitz December 06 Early 2022"]
[White "Bazarov, Konstantin"]
[Black "Berezin, Viktor"]
[WhiteFideId "4137000"]
[BlackFideId "14107872"]
[WhiteElo "2228"]
[BlackElo "2310"]
[Result "0-1"]
[Round "01"]
[TimeControl "180+1"]
[Date "2022.12.07"]
[WhiteClock "0:00:03"]
[BlackClock "0:00:05"]

1. d4 Nf6 2. c4 g6 3. Nc3 Bg7 4. e4 d6 5. Nge2 O-O 6. Ng3 c6 7. h4 h5 8. Bg5 Qa5 9. Qd2 e5 10. d5 cxd5 11. cxd5 a6 12. Be2 b5 13. O-O Nbd7 14. a3 b4 15. axb4 Qxb4 16. Ra4 Qb7 17. Be3 a5 18. Rfa1 Ng4 19. Bxg4 hxg4 20. Rxa5 Rxa5 21. Rxa5 f5 22. Bh6 f4 23. Bxg7 Kxg7 24. Nf1 Nc5 25. Qc2 Qe7 26. g3 fxg3 27. fxg3 Ba6 28. Ne3 Bd3 29. Qg2 Qc7 30. Ra1 Nb3 31. Rd1 Qc5 32. Rxd3 Nc1 33. Qd2 Nxd3 34. Qxd3 Rf3 35. Nd1 Rxg3+ 36. Kf2 Rf3+ 37. Ke2 Qb4 38. Qc2 Qb6 39. Qd2 Rh3 40. Nxg4 Rxh4 41. Ndf2 Qd8 42. Qe3 Rh5 43. b4 Qb8 44. Qc3 Qb5+ 45. Kf3 Qb6 46. Kg2 Rh8 47. Nd3 Rh4 48. Qc6 Rxg4+ 49. Kf3 Qg1 50. Qd7+ Kh6 51. Qxg4 Qd1+ 52. Kg3 Qxd3+ 53. Qf3 Qc4 54. Qe3+ Kg7 55. Qd2 Qxe4 56. b5 Qb1 57. Qe2 Qb3+ 58. Kg4 Qxd5 59. Qb2 Qb7 60. b6 Kf6 61. Kg3 Ke6 62. Qb5 d5 63. Qc5 Kf5 64. Kf3 d4+ 65. Kg3 d3 66. Qc7 Qh1 67. Qc8+ Kg5 68. Qd8+ Kf5 69. Qd7+ Kf6 70. Qxd3 Qg1+ 71. Kf3 Qxb6 72. Qd7 Qe6 73. Qd8+ Qe7 74. Qd2 Qe6 75. Qc2 Qf5+ 76. Qxf5+ gxf5 0-1


[Site "https://www.chess.com"]

[Event "Titled Tuesday Blitz December 06 Early 2022"]
[White "Begunov, Konstantin"]
[Black "Tatarinov, Dmitry"]
[WhiteFideId "4118510"]
[BlackFideId "24160067"]
[WhiteElo "2141"]
[BlackElo "2326"]
[Result "0-1"]
[Round "01"]
[TimeControl "180+1"]
[Date "2022.12.07"]
[WhiteClock "0:00:17"]
[BlackClock "0:00:48"]

1. d4 c5 2. dxc5 e6 3. Nc3 Bxc5 4. Ne4 Bb6 5. Nd6+ Ke7 6. e4 Bc5 7. Nc4 d6 8. Be3 Bxe3 9. Nxe3 Nc6 10. Qg4 Nf6 11. Qxg7 Rg8 12. Qh6 Qa5+ 13. c3 Nxe4 14. Qxh7 Nf6 15. Qh4 Bd7 16. Bc4 Rh8 17. Qf4 Rag8 18. O-O-O Qe5 19. Qxe5 Nxe5 20. Be2 Ne4 21. Nh3 Bc6 22. f3 Rxh3 23. gxh3 Nf2 24. Rhg1 Rh8 25. Rdf1 Nxh3 26. Rg3 Nf4 27. Kd2 Rxh2 28. Re1 Nxf3+ 29. Kd1 Nxe1 30. Kxe1 Rxe2+ 31. Kd1 Rxb2 0-1


[Site "https://www.chess.com"]

[Event "Titled Tuesday Blitz December 06 Early 2022"]
[White "Belozerov, Andrei"]
[Black "tufferguy"]
[WhiteFideId "4120213"]
[WhiteElo "2360"]
[BlackElo "2385"]
[Result "0-1"]
[Round "01"]
[TimeControl "180+1"]
[Date "2022.12.07"]
[WhiteClock "0:00:09"]
[BlackClock "0:00:13"]

1. e4 e5 2. Nf3 Nc6 3. Bb5 a6 4. Ba4 Nf6 5. O-O Nxe4 6. d4 b5 7. Bb3 d5 8. dxe5 Be6 9. Nbd2 Nc5 10. c3 d4 11. Bxe6 Nxe6 12. cxd4 Ncxd4 13. a4 Bb4 14. axb5 Nxb5 15. Ne4 O-O 16. Be3 c5 17. Nfg5 Qxd1 18. Rfxd1 Ned4 19. Bxd4 Nxd4 20. Nd6 Nc6 21. f4 f6 22. Ne6 Rfb8 23. exf6 gxf6 24. Nc4 Ra7 25. Rd6 Nd4 26. Rdxa6 Rxa6 27. Rxa6 Re8 28. f5 Nxf5 29. Kf2 Kf7 30. Nc7 Re4 31. b3 Rf4+ 32. Ke2 Re4+ 33. Kd3 Rd4+ 34. Kc2 Rf4 35. Nd5 Rf2+ 36. Kd3 Ng7 37. Nde3 Ne6 38. Nd6+ Kg6 39. Ne4 Nf4+ 40. Kc4 Re2 41. Rxf6+ Kg7 42. Rxf4 Rxe3 43. Rg4+ Kf7 44. Nd6+ Ke6 45. Nb5 Re2 46. h4 h5 47. Rg5 Re4+ 48. Kd3 Rxh4 49. Nc7+ Kd7 50. Nd5 Rd4+ 51. Ke3 Bd2+ 52. Ke2 Bxg5 53. Nc3 Rb4 54. Kd3 Rxb3 55. Kc4 Rxc3+ 56. Kxc3 Kd6 57. Kc4 Bf6 58. Kd3 Bd4 59. Kc4 Ke5 60. Kd3 Kf4 61. Kc4 Kg3 0-1


[Site "https://www.chess.com"]

[Event "Titled Tuesday Blitz December 06 Early 2022"]
[White "Bilan, Danila"]
[Black "Kollars, Dmitrij"]
[WhiteFideId "24161918"]
[BlackFideId "12909572"]
[WhiteElo "2182"]
[BlackElo "2584"]
[Result "0-1"]
[Round "01"]
[TimeControl "180+1"]
[Date "2022.12.06"]
[WhiteClock "0:00:03"]
[BlackClock "0:01:26"]

1. d4 Nf6 2. Nf3 d5 3. c4 e6 4. Nc3 h6 5. Bf4 Bd6 6. Bg3 O-O 7. e3 b6 8. cxd5 exd5 9. Ne5 c5 10. Bd3 Bb7 11. O-O Re8 12. f4 Nc6 13. Bb5 Qc7 14. Bh4 cxd4 15. exd4 Nxd4 16. Bxe8 Nxe8 17. Kh1 Nf5 18. Bf2 Bxe5 19. fxe5 Qxe5 20. Re1 Qd6 21. Nb5 Qd7 22. Nd4 Ned6 23. Nxf5 Qxf5 24. Bd4 Ne4 25. Qf3 Qe6 26. Rac1 Re8 27. Rc7 Nf2+ 28. Qxf2 Qxe1+ 29. Qxe1 Rxe1+ 30. Bg1 Ba6 31. Rxa7 Bd3 32. Rd7 Be4 33. h3 Re2 34. Bxb6 Rxg2 35. Re7 Rxb2+ 0-1


[Site "https://www.chess.com"]

[Event "Titled Tuesday Blitz December 06 Early 2022"]
[White "Bok, Benjamin"]
[Black "Astafurov, Arseniy"]
[WhiteFideId "1017063"]
[BlackFideId "24175218"]
[WhiteElo "2658"]
[BlackElo "2163"]
[Result "1/2-1/2"]
[Round "01"]
[TimeControl "180+1"]
[Date "2022.12.06"]
[WhiteClock "0:00:02"]
[BlackClock "0:00:10"]

1. d4 Nf6 2. c4 c5 3. Nf3 cxd4 4. Nxd4 e6 5. g3 Bb4+ 6. Bd2 Bxd2+ 7. Qxd2 O-O 8. Bg2 d5 9. cxd5 Nxd5 10. O-O Bd7 11. Nc3 Nxc3 12. Qxc3 Nc6 13. Nxc6 Bxc6 14. Bxc6 Rc8 15. Qa3 Rxc6 16. Qxa7 Qc7 17. Qe3 Rc8 18. Rfd1 Rc2 19. Rd2 g6 20. Rad1 h5 21. h4 Rxd2 22. Rxd2 Qc6 23. Kh2 Ra8 24. a3 Qb5 25. Qc3 Qf5 26. f3 Qb5 27. b3 Qb6 28. Kg2 Qa6 29. a4 b5 30. axb5 Qxb5 31. b4 Rb8 32. Rb2 Rd8 33. Rd2 Rb8 34. e4 Kh7 35. Qf6 Kg8 36. Qc3 Kh7 37. Qc7 Rb7 38. Qc3 Rb8 1/2-1/2


[Site "https://www.chess.com"]

[Event "Titled Tuesday Blitz December 06 Early 2022"]
[White "Bortnyk, Olexandr"]
[Black "Sztokbant, Bernardo Vainzoff"]
[WhiteFideId "14120828"]
[BlackFideId "2115956"]
[WhiteElo "2723"]
[BlackElo "2222"]
[Result "1-0"]
[Round "01"]
[TimeControl "180+1"]
[Date "2022.12.06"]
[WhiteClock "0:01:02"]
[BlackClock "0:00:04"]

1. e4 c6 2. d4 d5 3. Nc3 dxe4 4. Nxe4 Nf6 5. Nxf6+ exf6 6. c3 Bd6 7. Bd3 O-O 8. Qc2 Nd7 9. Bxh7+ Kh8 10. Bd3 Qe7+ 11. Ne2 Re8 12. O-O Nf8 13. Bd2 g6 14. Rfe1 Qc7 15. h3 Kg7 16. c4 Bd7 17. Nc3 Ne6 18. Be3 Bf4 19. d5 Ng5 20. h4 Nh7 21. Qd2 Bxe3 22. Rxe3 Qf4 23. g3 Qd6 24. Rae1 f5 25. Rxe8 Rxe8 26. Rxe8 Bxe8 27. Qe3 Nf6 28. c5 Qd7 29. d6 b6 30. b4 bxc5 31. bxc5 Qd8 32. Qe5 Bd7 33. Be2 Qa5 34. Bf3 Qb4 35. Kg2 Qa3 36. h5 gxh5 37. Ne2 Qxa2 38. Nf4 Qc4 39. Nxh5+ 1-0


[Site "https://www.chess.com"]

[Event "Titled Tuesday Blitz December 06 Early 2022"]
[White "Boyer, Mahel"]
[Black "Petrova, Irina"]
[WhiteFideId "45102422"]
[BlackFideId "14124122"]
[WhiteElo "2455"]
[BlackElo "2023"]
[Result "0-1"]
[Round "01"]
[TimeControl "180+1"]
[Date "2022.12.07"]
[WhiteClock "0:00:01"]
[BlackClock "0:01:14"]

1. e4 d6 2. d4 Nf6 3. Bd3 e5 4. c3 Nc6 5. Ne2 Be7 6. O-O O-O 7. h3 d5 8. exd5 Nxd5 9. c4 Ndb4 10. d5 Nxd3 11. Qxd3 Nd4 12. Nxd4 exd4 13. Qxd4 Bf6 14. Qd3 c6 15. Nc3 cxd5 16. Nxd5 Be6 17. Be3 Bxd5 18. cxd5 b6 19. Rab1 Be5 20. Rfc1 Rc8 21. b3 Bb8 22. Rxc8 Qxc8 23. Rc1 Qd7 24. Rc6 Rd8 25. Bg5 f6 26. Be3 Qxc6 27. Qa6 Qxd5 28. g3 Kh8 29. Qa4 Qf3 30. Kh2 Bxg3+ 31. fxg3 Qxe3 32. Qd7 Rxd7 0-1


[Site "https://www.chess.com"]

[Event "Titled Tuesday Blitz December 06 Early 2022"]
[White "Buksa, Nataliya"]
[Black "Alex_Sahakyan2006"]
[WhiteFideId "14123622"]
[WhiteElo "2303"]
[BlackElo "2300"]
[Result "1-0"]
[Round "01"]
[TimeControl "180+1"]
[Date "2022.12.07"]
[WhiteClock "0:00:06"]
[BlackClock "0:00:13"]

1. d4 Nf6 2. Nc3 g6 3. e4 Bg7 4. Bg5 O-O 5. e5 Ne8 6. f4 c5 7. Nf3 cxd4 8. Nxd4 d6 9. exd6 Qxd6 10. Nf3 Nc6 11. Qxd6 Nxd6 12. O-O-O Bf5 13. Ne5 Rfe8 14. Bd3 Nxe5 15. Bxf5 Nxf5 16. fxe5 Bxe5 17. Rhe1 Bxh2 18. Nd5 Bd6 19. g4 Ng7 20. Nxe7+ Bxe7 21. Bxe7 Rac8 22. c3 Ne6 23. Bf6 Rc4 24. g5 Rec8 25. Rd7 R4c7 26. Rd6 Rc5 27. Rd7 Nxg5 28. Rxb7 Rf5 29. Bd4 Nf3 30. Re4 Nxd4 31. Rxd4 a5 32. a4 h5 33. Kc2 Re8 34. Rb5 Ree5 35. Rxe5 Rxe5 36. b4 g5 37. b5 Kg7 38. c4 h4 39. b6 h3 40. b7 Re8 41. c5 h2 42. Rd1 g4 43. c6 g3 44. c7 g2 45. c8=Q g1=Q 46. Rxg1+ hxg1=Q 47. Qxe8 Qg2+ 48. Kc3 Qxb7 49. Qe5+ Kg6 50. Qxa5 Qf3+ 51. Kc4 Qe4+ 52. Kb3 Qb1+ 53. Kc4 Qc2+ 54. Kd4 Qf2+ 55. Ke4 f5+ 56. Kd3 Qf1+ 57. Kc2 Qe2+ 58. Kb3 Qd3+ 59. Qc3 Qxc3+ 60. Kxc3 f4 61. Kd3 Kf5 62. a5 f3 63. a6 f2 64. Ke2 Ke4 65. Kxf2 Kd5 66. a7 Kc5 67. a8=Q Kb6 68. Qe4 Ka5 69. Ke3 Kb6 70. Kd3 1-0


[Site "https://www.chess.com"]

[Event "Titled Tuesday Blitz December 06 Early 2022"]
[White "Buscar, Michael"]
[Black "Liyanage, Ranindu Dilshan"]
[WhiteFideId "2603616"]
[BlackFideId "9915834"]
[WhiteElo "2010"]
[BlackElo "2199"]
[Result "0-1"]
[Round "01"]
[TimeControl "180+1"]
[Date "2022.12.07"]
[WhiteClock "0:00:20"]
[BlackClock "0:00:21"]

1. Nf3 Nf6 2. g3 e6 3. Bg2 d5 4. O-O Be7 5. c4 O-O 6. b3 d4 7. e3 c5 8. exd4 cxd4 9. d3 Nc6 10. Na3 e5 11. Nc2 a5 12. Re1 Qc7 13. Ba3 Bb4 14. Bxb4 axb4 15. a4 Bf5 16. Nh4 Bd7 17. Bxc6 Bxc6 18. Nxb4 Bd7 19. Qf3 Rfe8 20. Nd5 Nxd5 21. Qxd5 Bc6 22. Qc5 b6 23. Qb4 Bb7 24. Qd2 Qc6 25. f3 h6 26. Rf1 g5 27. Ng2 f5 28. Rae1 Rad8 29. h4 Qg6 30. Qf2 e4 31. fxe4 fxe4 32. Qf6 Qxf6 33. Rxf6 exd3 34. Rd1 Re2 35. Rf2 Rf8 36. Rxf8+ Kxf8 37. Rxd3 Rxg2+ 38. Kf1 Rb2 39. hxg5 hxg5 40. Ke1 Ke7 41. Rxd4 Rxb3 42. Kf2 Rf3+ 43. Ke2 Rxg3 44. Rd1 Ra3 45. Rg1 Kf6 46. Rf1+ Kg6 47. Re1 Rxa4 48. Kd3 Ba6 49. Re6+ Kf5 50. Rxb6 Bxc4+ 51. Ke3 Ra3+ 52. Kf2 g4 53. Rb8 g3+ 54. Kg2 Bd5+ 55. Kf1 g2+ 56. Kf2 Ra2+ 57. Kg1 Ra1+ 58. Kf2 g1=Q+ 0-1


[Site "https://www.chess.com"]